 Dungeon Crawl Stone Soup version 0.21-a0-331-gfb491b4 (webtiles) character file.

62 4thArraOfDagon the Magician (level 4, -13/34 HPs)
             Began as a Gnoll Wanderer on Oct 2, 2017.
             Mangled by an ogre
             ... wielding a +0 giant spiked club
              (20 damage)
             ... on level 5 of the Dungeon.
             The game lasted 00:02:34 (481 turns).

4thArraOfDagon the Magician (Gnoll Wanderer)         Turns: 481, Time: 00:02:34

Health: -13/34     AC:  8    Str: 16    XL:     4   Next: 8%
Magic:  13/13      EV:  9    Int: 15    God:
Gold:   18         SH:  0    Dex: 13    Spells: 16/17 levels left

rFire    . . .     SeeInvis .   u - +0 flail
rCold    . . .     Gourm    .   (no shield)
rNeg     . . .     Faith    .   g - +0 scale mail
rPois    .         Spirit   .   (no helmet)
rElec    .         Reflect  .   (no cloak)
rCorr    .         Harm     .   n - +0 pair of gloves
MR       .....                  r - +0 pair of boots
Stlth    +.........             (no amulet)
HPRegen  0.11/turn              (no ring)
MPRegen  0.13/turn              (no ring)

@: no status effects
A: distributed training, fangs 1, strong nose
a: no special abilities


You were on level 5 of the Dungeon.
You were not hungry.

You visited 1 branch of the dungeon, and saw 5 of its levels.

You collected 18 gold pieces.

Inventory:

Hand Weapons
 d - a +0 club
 u - a +0 flail (weapon)
Armour
 c - a +0 robe
 g - a +0 scale mail (worn)
 n - a +0 pair of gloves (worn)
 r - a +0 pair of boots (worn)
Scrolls
 e - a scroll of identify {unknown}
 h - a scroll of blinking {unknown}
 i - 2 scrolls of teleportation {unknown}
 k - a scroll of immolation {unknown}
 p - a scroll of amnesia {unknown}
 s - a scroll of fear {unknown}
Potions
 l - a potion of might {unknown}
 o - a potion of degeneration {unknown}
Books
 a - a book of Frost

   Spells                             Type                      Level
   a - Freeze                         Ice                          1
   b - Throw Frost                    Conjuration/Ice              2
   c - Ozocubu's Armour               Charms/Ice                   3
   d - Throw Icicle                   Conjuration/Ice              4
   e - Summon Ice Beast               Ice/Summoning                4
 v - a book of Minor Magic

   Spells                             Type                      Level
   a - Magic Dart                     Conjuration                  1
   b - Blink                          Translocation                2
   c - Call Imp                       Summoning                    2
   d - Slow                           Hexes                        2
   e - Conjure Flame                  Conjuration/Fire             3
   f - Mephitic Cloud                 Conjuration/Poison/Air       3
Comestibles
 b - a royal jelly
 f - 2 bread rations
 m - a meat ration


   Skills:
 + Level 2.7 Fighting
 + Level 2.7 Short Blades
 + Level 1.0 Long Blades
 + Level 1.0 Axes
 + Level 1.0 Maces & Flails
 + Level 1.0 Polearms
 + Level 1.0 Staves
 + Level 1.0 Slings
 + Level 1.0 Bows
 + Level 1.0 Crossbows
 + Level 1.0 Throwing
 + Level 1.0 Armour
 + Level 1.0 Dodging
 + Level 2.5 Stealth
   Level 0.0 Stabbing
 + Level 4.6 Shields
   Level 0.0 Traps
 + Level 1.0 Unarmed Combat
 + Level 7.2 Spellcasting
 + Level 1.0 Conjurations
 + Level 1.0 Hexes
 + Level 1.0 Charms
 + Level 1.0 Summonings
 + Level 1.0 Necromancy
 + Level 1.0 Translocations
 + Level 1.0 Transmutations
 + Level 1.0 Fire Magic
 + Level 4.6 Ice Magic
 + Level 1.0 Air Magic
 + Level 1.0 Earth Magic
 + Level 1.0 Poison Magic
 + Level 1.0 Invocations
 + Level 1.0 Evocations


You had 16 spell levels left.
You knew the following spells:

 Your Spells              Type           Power        Failure   Level  Hunger
a - Freeze                Ice            ###.         7%          1    None


Dungeon Overview and Level Annotations

Branches:
Dungeon (5/15)
 Temple: D:4-7

Altars:
Okawaru

Annotations:
D:2 Terence


Innate Abilities, Weirdness & Mutations

Your experience applies equally to all skills.
You have very sharp teeth.
Your uncanny sense of smell can sniff out nearby items.


Message History

The hound bites you but does no damage.
Unknown command.
Unknown command.
Unknown command.
Okay, then.
It was a potion of magic.
Magic courses through your body. The ogre barely misses you.
Unknown command.
Unknown command.
An adder comes into view.
The adder hisses angrily.
Unknown command.
It was a potion of curing.
You feel better.
The ogre hits you with a giant spiked club!
* * * LOW HITPOINT WARNING * * *
Unknown command.
It was a potion of cancellation.
You feel magically purged.
The ogre hits you with a giant spiked club!!
Ouch! That really hurt!
You die...

# ...... #. ..........
##.#######..........
#...................
####.............. .
#.......#.#... ...
#########.#######.#.##....
#....<...>....@OSh........
#.............###.#.##...
#.............# #........
+.<...........# #...#....
#.............# ##.#.....
#...##.#'####### #.#..###
#..............# #.#..#
#..........###.# #.#..#
...........# #.# #.#..#


You could see an ogre, a hound and an adder.

Vanquished Creatures
  A worker ant (D:5)
  An adder (D:2)
  A shadow imp (D:5)
  An ooze (D:1)
  2 dart slugs
  An orc (D:4)
  2 ball pythons (D:3)
  A giant cockroach (D:4)
  A goblin (D:1)
  A hobgoblin (D:1)
  A jackal (D:3)
  A bat (D:2)
  A frilled lizard (D:2)
  A rat (D:1)
16 creatures vanquished.

Notes
Turn   | Place    | Note
-------+----------+-------------------------------------------
     0 | D:1      | 4thArraOfDagon the Gnoll Wanderer began the quest for the Orb.
     0 | D:1      | 4thArraOfDagon set off with: a book of Frost, a potion of lignification, a +0 robe, a +0 club, a bread ration
     0 | D:1      | Reached XP level 1. HP: 17/17 MP: 8/8
    10 | D:1      | Learned a level 1 spell: Freeze
    33 | D:1      | Reached XP level 2. HP: 3/23 MP: 2/10
    86 | D:2      | Found an iron altar of Okawaru.
   151 | D:2      | Noticed Terence
   179 | D:3      | Reached XP level 3. HP: 9/28 MP: 6/11
   189 | D:3      | Noticed a phantom
   354 | D:5      | Entered Level 5 of the Dungeon
   435 | D:5      | Noticed an ogre
   443 | D:5      | Reached skill level 1 in Long Blades
   443 | D:5      | Reached skill level 1 in Axes
   443 | D:5      | Reached skill level 1 in Maces & Flails
   443 | D:5      | Reached skill level 1 in Polearms
   443 | D:5      | Reached skill level 1 in Staves
   443 | D:5      | Reached skill level 1 in Slings
   443 | D:5      | Reached skill level 1 in Bows
   443 | D:5      | Reached skill level 1 in Crossbows
   443 | D:5      | Reached skill level 1 in Throwing
   443 | D:5      | Reached skill level 1 in Armour
   443 | D:5      | Reached skill level 1 in Dodging
   443 | D:5      | Reached skill level 1 in Unarmed Combat
   443 | D:5      | Reached skill level 1 in Conjurations
   443 | D:5      | Reached skill level 1 in Hexes
   443 | D:5      | Reached skill level 1 in Charms
   443 | D:5      | Reached skill level 1 in Summonings
   443 | D:5      | Reached skill level 1 in Necromancy
   443 | D:5      | Reached skill level 1 in Translocations
   443 | D:5      | Reached skill level 1 in Transmutations
   443 | D:5      | Reached skill level 1 in Fire Magic
   443 | D:5      | Reached skill level 1 in Air Magic
   443 | D:5      | Reached skill level 1 in Earth Magic
   443 | D:5      | Reached skill level 1 in Poison Magic
   443 | D:5      | Reached skill level 1 in Invocations
   443 | D:5      | Reached skill level 1 in Evocations
   443 | D:5      | Reached XP level 4. HP: 7/34 MP: 7/13
   481 | D:5      | Mangled by an ogre

Vault maps used:
D:1:      dpeg_arrival_renting, minmay_pentomino_s2
D:2:      grunt_temple_overflow_diamond, first_bread, okawaru_metal_pillars_3,
          uniq_terence
D:4:      minmay_temple_entry_enclosed_plants

Skill      XL: |  1  2  3 |
---------------+----------+-----
Long Blades    | 1 |  1.0
Axes           | 1 |  1.0
Maces & Flails | 1 |  1.0
Polearms       | 1 |  1.0
Staves         | 1 |  1.0
Slings         | 1 |  1.0
Bows           | 1 |  1.0
Crossbows      | 1 |  1.0
Throwing       | 1 |  1.0
Armour         | 1 |  1.0
Dodging        | 1 |  1.0
Unarmed Combat | 1 |  1.0
Conjurations   | 1 |  1.0
Hexes          | 1 |  1.0
Charms         | 1 |  1.0
Summonings     | 1 |  1.0
Necromancy     | 1 |  1.0
Translocations | 1 |  1.0
Transmutations | 1 |  1.0
Fire Magic     | 1 |  1.0
Air Magic      | 1 |  1.0
Earth Magic    | 1 |  1.0
Poison Magic   | 1 |  1.0
Invocations    | 1 |  1.0
Evocations     | 1 |  1.0
Fighting       | |  2.7
Short Blades   | |  2.7
Stealth        | |  2.5
Shields        | |  4.6
Spellcasting   | |  7.2
Ice Magic      | |  4.6

Action                   |  1- 3 |  4- 6 || total
-------------------------+-------+-------++-------
Melee: Flail             |     1 |       ||     1
 Cast: Freeze            |    36 |     1 ||    37
  Use: Potion            |     1 |     3 ||     4
Armor: Scale mail        |    14 |     1 ||    15
       Skin              |     2 |       ||     2
Dodge: Dodged            |    14 |     2 ||    16

Table legend:
 A = Spawn XP
 B = Non-spawn XP
 C = Spawn XP percentage of total XP
 D = Spawn monster count
 E = Non-spawn monster count
 F = Spawn count percentage of total count
 G = Total turns spent on level
                    A         B        C        D         E        F      G
               +---------+---------+-------+---------+---------+-------+---------
         Total |       0 |      89 |   0.0 |       0 |      16 |   0.0 |   481
               +---------+---------+-------+---------+---------+-------+---------
           D:1 |       0 |      16 |   0.0 |       0 |       5 |   0.0 |    86
           D:2 |       0 |      16 |   0.0 |       0 |       3 |   0.0 |    73
           D:3 |       0 |       9 |   0.0 |       0 |       4 |   0.0 |   124
           D:4 |       0 |       5 |   0.0 |       0 |       2 |   0.0 |    71
           D:5 |       0 |      43 |   0.0 |       0 |       2 |   0.0 |   127
               +---------+---------+-------+---------+---------+-------+---------
